 Dungeon Crawl Stone Soup version 0.28.0-45-g0d030f2227 (webtiles) character file.

Game seed: 13209839713388071423

273 101zpm the Shield-Bearer (level 6, 0/38 HPs)
             Began as a Gargoyle Fighter on Apr 4, 2022.
             Slain by an orc warrior
             ... wielding a +0 glaive
              (5 damage)
             ... on level 4 of the Dungeon.
             The game lasted 00:09:32 (5726 turns).

101zpm the Shield-Bearer (Gargoyle Fighter)         Turns: 5726, Time: 00:09:33

Health: 0/38       AC: 14    Str: 22    XL:     6   Next: 24%
Magic:  6/6        EV:  9    Int: 12    God:
Gold:   86         SH:  4    Dex:  5    Spells: 5/5 levels left

rFire   . . .      SeeInvis +   l - +2 whip (vamp)
rCold   . . .      Faith    .   c - +0 buckler
rNeg    + . .      Spirit   .   b - +0 scale mail
rPois   ∞          Reflect  .   k - +1 helmet
rElec   +          Harm     .   (no cloak)
rCorr   .          Rampage  .   n - +0 pair of gloves of Going Fast {rElec Int+4 Dex-4 SInv}
Will    .....                   (no boots)
Stlth   ..........              (no amulet)
HPRegen 0.12/turn               (no ring)
MPRegen 0.10/turn               (no ring)

@: hasted, very quick
A: sickness immunity, AC +4, negative energy resistance 1, electricity
resistance, torment resistance 1, petrification resistance
a: no special abilities


You were on level 4 of the Dungeon.
You visited 1 branch of the dungeon, and saw 4 of its levels.

You collected 86 gold pieces.

Inventory:

Hand Weapons
 a - a +0 flail
 l - a +2 vampiric whip (weapon)
Armour
 b - a +0 scale mail (worn)
 c - a +0 buckler (worn)
 k - a +1 helmet (worn)
 n - the +0 pair of gloves of Going Fast (worn) {rElec Int+4 Dex-4 SInv}
   (You found it on level 2 of the Dungeon)

   Int:       It affects your intelligence (+4).
   Dex:       It affects your dexterity (-4).
   rElec:     It insulates you from electricity.
   SInv:      It lets you see invisible.
Jewellery
 p - a ring of ice
Scrolls
 g - a scroll of magic mapping
 h - 2 scrolls of identify
 m - a scroll of holy word {unknown}
 o - 2 scrolls of acquirement {unknown}
 r - a scroll of teleportation {unknown}
Potions
 d - a potion of might
 f - a potion of magic {unknown}
 i - a potion of ambrosia {unknown}
 j - a potion of brilliance {unknown}
 q - a potion of attraction {unknown}
 s - a potion of mutation {unknown}


   Skills:
 + Level 4.0 Fighting
 * Level 4.2 Maces & Flails
 + Level 0.1 Throwing
 + Level 4.1 Armour
 + Level 1.4 Dodging
 + Level 0.3 Stealth
 * Level 4.4 Shields


You had 5 spell levels left.
You didn't know any spells.
Your spell library contained the following spells:

 Spells                   Type           Power      Damage    Failure   Level
 Beastly Appendage        Tmut           0%         N/A       73%         1
 Wereblood                Tmut           0%         N/A       86%         2
 Spider Form              Tmut/Pois      0%         N/A       97%         3


Dungeon Overview and Level Annotations

Branches:
Dungeon (4/15)             Temple (0/1) D:4

Altars:

Shops:
D:1 [[*!


Innate Abilities, Weirdness & Mutations

You are immune to sickness and miasma.
Your stone body is resilient. (AC +4)
You are immune to poison.
You resist negative energy. (rN+)
You are resistant to electric shocks. (rElec)
You are resistant to unholy torment.
You are immune to petrification.


Message History

The adder skeleton is moderately damaged.
You hit the orc.
The orc is heavily wounded.
You hit the orc.
You kill the orc!
You hit the adder skeleton.
The adder skeleton is severely damaged.
The adder skeleton bites you but does no damage.
You hit the adder skeleton.
The adder skeleton is almost destroyed.
The adder skeleton bites you but does no damage.
You whack the adder skeleton!
You destroy the adder skeleton!
No target in view!
No target in view!
No target in view!
No target in view!
No target in view!
No target in view!
No target in view!
No target in view!
No target in view!
No target in view!
No target in view!
Items here: ))) [[ ††.
The orc warrior shouts!
The orc warrior drinks a potion.
The orc warrior seems to speed up.
Items here: ))) [[ ††.
The orc warrior barely misses you.
The orc warrior hits you from afar with a +0 glaive.
The orc warrior hits you but does no damage.
The orc warrior hits you from afar with a +0 glaive.
The orc warrior hits you from afar with a +0 glaive!
The orc warrior hits you from afar with a +0 glaive!
The orc warrior hits you from afar with a +0 glaive!
* * * LOW HITPOINT WARNING * * *
The orc warrior is no longer moving quickly.
You feel yourself speed up.
The orc warrior hits you from afar with a +0 glaive.
You die...

.#.......# #.#
.........# #.#
#........# #.#
#........# #.#
#........# #.#
.........# #.####
#........# #....#
#........#############.#
#.............o.@......#
..........##############
..#####'#.# #.#.# #.#.#
#.#.# #.#.# #######.#.#
........#.#


You could see an orc warrior.

Vanquished Creatures
  An iguana (D:4)
  A scorpion zombie (D:3)
  An orc wizard (D:4)
  7 gnolls
  3 adders
  3 adder skeletons (D:4)
  A worm (D:4)
  3 dart slugs
  5 orcs
  6 ball pythons
  6 bats
  7 endoplasms
  A giant cockroach (D:1)
  4 goblins
  12 hobgoblins
  4 jackals
  3 quokkas
  2 frilled lizards (D:1)
  10 kobolds
  3 rats
83 creatures vanquished.

Vanquished Creatures (others)
  31 plants (D:1)
31 creatures vanquished.

Grand Total: 114 creatures vanquished

Notes
Turn   | Place    | Note
-------+----------+-------------------------------------------
     0 | D:1      | 101zpm the Gargoyle Fighter began the quest for the Orb.
     0 | D:1      | Reached XP level 1. HP: 14/14 MP: 1/1
   197 | D:1      | Found Ellugool's Armour Boutique.
   387 | D:1      | Found Mudusyn's General Store.
   415 | D:1      | Reached XP level 2. HP: 17/19 MP: 2/2
  1083 | D:1      | Found Posom's Distillery.
  1234 | D:1      | You fall into a shaft and drop 1 floor!
  1249 | D:1      | Found Beeh's Armour Boutique.
  1258 | D:1      | Reached XP level 3. HP: 17/23 MP: 3/3
  1786 | D:1      | Found a faded altar of an unknown god.
  2060 | D:1      | Reached XP level 4. HP: 8/28 MP: 4/4
  2668 | D:1      | Reached skill level 1 in Dodging
  2854 | D:1      | Reached XP level 5. HP: 7/33 MP: 5/5
  3671 | D:2      | Identified the +0 pair of gloves of Going Fast {rElec Int+4
                  | Dex-4 SInv}
  4556 | D:4      | Noticed an orc warrior
  4901 | D:4      | Found a staircase to the Ecumenical Temple.
  4910 | D:4      | Reached XP level 6. HP: 29/38 MP: 6/6
  5726 | D:4      | Slain by an orc warrior

Illustrated notes

Levels and vault maps discovered:
D:1:      dpeg_arrival_castle, layout_loops_cross,
          hellmonk_ecumenical_altar_prayer_group, serial_shops,
          nicolae_shop_hallway_stairs, shop, nicolae_shop_behind_doors,
          shop_fountains, chequers_arboretum, serial_bayou_lagoon_a,
          minmay_split_cup_small
D:2:      layout_rooms, grunt_decor_fettered, hangedman_decor_opposing
D:3:      layout_loops_corners
D:4:      layout_basic, nicolae_overflow_hidden_temple, temple_pool_b,
          gammafunk_ghost_grave, st_stairs_9

Skill      XL: |  1  2  3  4  5  6 |
---------------+-------------------+-----
Shields        | 4 |  4.4
Dodging        | 1 |  1.4
Maces & Flails | 3 4 |  4.2
Fighting       | 4 |  4.0
Armour         | 4 |  4.1
Throwing       | |  0.1
Stealth        | |  0.3

Action                   |  1- 3 |  4- 6 || total
-------------------------+-------+-------++-------
Melee: Flail             |   145 |   102 ||   247
       Whip              |       |    86 ||    86
Throw: Dart              |       |     6 ||     6
  Use: Scroll            |     2 |       ||     2
       Potion            |       |     1 ||     1
Armor: Scale mail        |   134 |    96 ||   230
Dodge: Dodged            |    83 |    87 ||   170
Block: Buckler           |    54 |    42 ||    96
